 Dungeon Crawl Stone Soup version 0.23.0-3-gf3c87f2df8 (webtiles) character file.

Game seed: 10202550763269769001

258 PentaManta the Ducker (level 6, 0/40 HPs)
             Began as a Kobold Monk on Feb 20, 2019.
             Slain by an ogre
             ... wielding a cursed -2 giant club
              (14 damage)
             ... on level 4 of the Dungeon.
             The game lasted 00:15:00 (3755 turns).

PentaManta the Ducker (Kobold Monk)                 Turns: 3755, Time: 00:15:01

Health: 0/40       AC:  4    Str: 10    XL:     6   Next: 40%
Magic:  6/6        EV: 19    Int: 11    God:
Gold:   116        SH:  0    Dex: 18    Spells: 5/5 levels left

rFire    . . .     SeeInvis .   a - +0 short sword
rCold    . . .     Gourm    .   (shield restricted)
rNeg     . . .     Faith    .   b - +0 robe
rPois    .         Spirit   .   (no helmet)
rElec    .         Reflect  .   (no cloak)
rCorr    .         Harm     .   h - +0 pair of gloves
MR       .....                  o - +0 pair of boots
Stlth    +++.......             (no amulet)
HPRegen  0.13/turn              (no ring)
MPRegen  0.10/turn              (no ring)

@: no status effects
A: small, carnivore
a: no special abilities


You were on level 4 of the Dungeon.
You were completely stuffed.

You visited 1 branch of the dungeon, and saw 4 of its levels.

You collected 116 gold pieces.

Inventory:

Hand Weapons
 a - a +0 short sword (weapon)
Missiles
 e - a throwing net (quivered)
Armour
 b - a +0 robe (worn)
 f - a +3 ring mail of cold resistance
 h - a +0 pair of gloves (worn)
 o - a +0 pair of boots (worn)
Scrolls
 d - a scroll of amnesia
 g - a scroll of fog
Potions
 i - a potion of lignification
 j - a potion of cancellation
 k - a potion of mutation {unknown}
 l - a potion of curing
 n - 2 potions of agility
Comestibles
 c - 6 rations
 m - 2 chunks of flesh


   Skills:
 - Level 5.0 Fighting
 - Level 5.0 Short Blades
 * Level 5.8 Dodging
 + Level 3.8 Stealth


You had 5 spell levels left.
You didn't know any spells.
Your spell library was empty.

Dungeon Overview and Level Annotations

Branches:
Dungeon (4/15)
 Temple: D:4-7

Altars:
Vehumet


Innate Abilities, Weirdness & Mutations

You are small and have problems with some larger weapons.
You are carnivorous and can eat meat at any time.


Message History

You hit the ogre.
The ogre is moderately wounded.
The ogre misses you.
You hit the ogre.
The ogre is heavily wounded.
You hit the ogre.
The ogre is severely wounded.
The ogre hits you with a cursed -2 giant club!
You hit the ogre.
The ogre is almost dead.
The ogre misses you.
You hit the ogre but do no damage.
The ogre is almost dead.
You barely miss the ogre.
The ogre is almost dead.
The ogre completely misses you.
You hit the ogre.
The ogre is almost dead.
The ogre hits you with a cursed -2 giant club!
You die...

#.. #### . .. ... ....
######### .....
......).
##....#####.....#
......O@..#.....#
................#
.....#.....#.....#
...#.#.#####.....+
.###.#.#. #.....#.#
......#( ####........
###....#+##....#.###.#
.............###.#.. #
####..........# #.#.#


You could see an ogre.

Vanquished Creatures
  A hound (D:2)
  An orc priest (D:3)
  An orc wizard (D:3)
  A worker ant (D:4)
  5 adders
  2 oozes
  A worm (D:2)
  2 dart slugs
  2 leopard geckos
  An orc (D:3)
  A ball python (D:1)
  7 giant cockroaches
  7 hobgoblins
  9 jackals
  14 bats
  9 frilled lizards (D:2)
  10 goblins
  12 kobolds
  8 rats
94 creatures vanquished.

Vanquished Creatures (others)
  A hobgoblin (D:2)
1 creature vanquished.

Grand Total: 95 creatures vanquished

Notes
Turn   | Place    | Note
-------+----------+-------------------------------------------
     0 | D:1      | PentaManta the Kobold Monk began the quest for the Orb.
     0 | D:1      | Reached XP level 1. HP: 14/14 MP: 1/1
   399 | D:1      | Reached XP level 2. HP: 13/19 MP: 2/2
   792 | D:1      | Reached XP level 3. HP: 15/24 MP: 3/3
  1312 | D:1      | Reached skill level 5 in Short Blades
  1859 | D:2      | Reached XP level 4. HP: 29/29 MP: 4/4
  1908 | D:2      | You fall through a shaft!
  2237 | D:3      | Reached XP level 5. HP: 31/34 MP: 5/5
  2500 | D:3      | Reached skill level 5 in Fighting
  2736 | D:2      | Reached skill level 5 in Dodging
  2935 | D:2      | Reached XP level 6. HP: 28/40 MP: 6/6
  2987 | D:2      | Found a radiant altar of Vehumet.
  3741 | D:4      | Noticed an ogre
  3755 | D:4      | Slain by an ogre

Skill      XL: |  1  2  3  4  5 |
---------------+----------------+-----
Fighting       | 4 5 |  5.0
Short Blades   | 5 |  5.0
Dodging        | 4 5 |  5.8
Stealth        | 3 |  3.8

Action                   |  1- 3 |  4- 6 || total
-------------------------+-------+-------++-------
Melee: Short sword       |   181 |   249 ||   430
  Use: Scroll            |       |    16 ||    16
       Potion            |       |     1 ||     1
 Stab: Sleeping          |     4 |     5 ||     9
  Eat: Chunk             |    12 |     6 ||    18
Armor: Robe              |    14 |    34 ||    48
Dodge: Dodged            |   125 |   204 ||   329
